 Dungeon Crawl Stone Soup version 0.31-a0-182-gc5ef74bbde (webtiles) character file.

Game seed: 2174100820726191658

121 qw the Chopper (level 5, 0/32 HPs)
             Began as a Gargoyle Fighter on June 21, 2023.
             Slain by a gnoll
             ... wielding a +0 spear
              (6 damage)
             ... on level 3 of the Dungeon.
             The game lasted 00:00:50 (1927 turns).

qw the Chopper (Gargoyle Fighter)                   Turns: 1927, Time: 00:00:51

Health: 0/32       AC: 14    Str: 21    XL:     5   Next: 5%
Magic:  5/5        EV:  9    Int:  9    God:
Gold:   64         SH:  4    Dex:  9    Spells: 4/4 levels left

rFire   . . .        Y - +0 war axe
rCold   . . .        c - +0 buckler
rNeg    + . .        b - +0 scale mail
rPois   inf          (no helmet)
rElec   +            (no cloak)
rCorr   .            i - +2 pair of gloves {Stlth+}
SInv    .            (no boots)
Will    .....        (no amulet)
Stlth   +            (no ring)
HPRegen 0.25/turn    (no ring)
MPRegen 0.09/turn

%: no passive effects
@: no status effects
A: sickness immunity, AC +4, negative energy resistance 1, electricity
resistance, torment resistance 1, petrification resistance
a: no special abilities


You were on level 3 of the Dungeon.
You visited 1 branch of the dungeon, and saw 3 of its levels.

You collected 64 gold pieces.


Innate Abilities, Weirdness & Mutations

You are immune to sickness and miasma.
Your stone body is resilient. (AC +4)
You are immune to poison.
You resist negative energy. (rN+)
You are resistant to electric shocks. (rElec)
You are resistant to unholy torment.
You are immune to petrification.


   Skills:
 - Level 3.2 Fighting
 + Level 4.6 Axes
 - Level 3.2 Armour
 - Level 3.2 Shields


You had 4 spell levels left.
You didn't know any spells.
Your spell library was empty.

Inventory:

Hand Weapons
 a - a +0 mace
 Y - a +0 war axe (weapon)
Armour
 b - a +0 scale mail (worn)
 c - a +0 buckler (worn)
 i - a +2 pair of gloves of stealth (worn)
Potions
 d - 2 potions of might
 e - a potion of enlightenment {unknown}
 f - a potion of attraction {unknown}
 h - a potion of curing

Dungeon Overview and Level Annotations

Branches:
Dungeon (3/15)

Altars:


Message History

The gnoll closely misses you. x2; The adder bites you but does no damage.
You have reached level 5!
You hit the scorpion but do no damage.
The scorpion is moderately wounded.
You hit the adder.
The scorpion stings you but does no damage.
The adder bites you. The gnoll hits you but does no damage.
The gnoll closely misses you. The scorpion misses you.
You closely miss the adder.
The adder is heavily wounded.
You barely miss the scorpion. You block the adder's attack.
The gnoll hits you from afar with a +0 spear. x2
The scorpion stings you but does no damage.
The adder closely misses you.
You barely miss the adder.
The adder is heavily wounded.
You closely miss the scorpion.
The scorpion stings you but does no damage.
The gnoll barely misses you. The adder bites you but does no damage.
The gnoll hits you but does no damage. The scorpion stings you.
The adder bites you but does no damage. The gnoll closely misses you.
The gnoll hits you but does no damage.
You closely miss the adder.
The adder is heavily wounded.
You barely miss the scorpion. The adder bites you but does no damage.
The scorpion barely misses you. You block the gnoll's attack.
The gnoll hits you but does no damage.
You barely miss the adder.
The adder is heavily wounded.
You hit the scorpion but do no damage. The adder bites you but does no damage.
You block the scorpion's attack. The gnoll barely misses you.
You block the gnoll's attack. The adder bites you but does no damage.
The scorpion barely misses you.
You slash the adder!
You kill the adder!
You slash the scorpion!
The gnoll hits you but does no damage. x2; The scorpion stings you.
The gnoll hits you from afar with a +0 spear.
You die...

##+##
##.).##
#s@.g.#
#...)...#
#...g.....#
+.........+
#.........#
##.......##
##$....##
##...##


You could see a scorpion and 2 gnolls.

Vanquished Creatures
  Jessica (D:2)
  2 gnolls (D:3)
  2 adders
  4 dart slugs (D:1)
  4 orcs (D:2)
  5 endoplasms
  6 hobgoblins
  6 jackals (D:2)
  5 kobolds
  2 quokkas (D:1)
  5 ball pythons
  4 bats (D:1)
  A frilled lizard (D:1)
  2 goblins (D:1)
  4 rats
53 creatures vanquished.

Notes
Turn   | Place    | Note
-------+----------+-------------------------------------------
     0 | D:1      | qw the Gargoyle Fighter began the quest for the Orb.
     0 | D:1      | Reached XP level 1. HP: 14/14 MP: 1/1
     0 | D:1      | 0 ||| qw: Version: 0.3-a-9-g12657ce
     0 | D:1      | 0 ||| qw: Game counter: 1571
     0 | D:1      | 0 ||| qw: Always use a shield: true
     0 | D:1      | 0 ||| qw: God list: Okawaru
     0 | D:1      | 0 ||| qw: Allow faded altars: false
     0 | D:1      | 0 ||| qw: Do Orc after D:15 true
     0 | D:1      | 0 ||| qw: Do second Lair branch before Depths: true
     0 | D:1      | 0 ||| qw: Lair rune preference: random
     0 | D:1      | 0 ||| qw: Plans: Normal, Zot:1-4, Slime:5, God:TSO, Crypt,
                  | Tomb, Abyss, Pan, Hells, Win
     0 | D:1      | 0 ||| PLANNING D:1-11
    24 | D:1      | Found a faded altar of an unknown god.
    37 | D:1      | 37 ||| Stepping ~*~*~tactically~*~*~ (hiding).
    38 | D:1      | 38 ||| Stepping ~*~*~tactically~*~*~ (hiding).
    49 | D:1      | Reached skill level 2 in Axes
    85 | D:1      | 85 ||| Stepping ~*~*~tactically~*~*~ (hiding).
    97 | D:1      | Reached XP level 2. HP: 19/19 MP: 2/2
   351 | D:1      | Reached skill level 3 in Axes
   373 | D:1      | Reached XP level 3. HP: 23/23 MP: 3/3
   489 | D:1      | 489 ||| Stepping ~*~*~tactically~*~*~ (stealth).
   540 | D:1      | 540 ||| Stepping ~*~*~tactically~*~*~ (hiding).
   541 | D:1      | 541 ||| Stepping ~*~*~tactically~*~*~ (hiding).
   804 | D:1      | 804 ||| READING scroll labelled VANGYT BAASME.
   805 | D:1      | 805 ||| DRINKING 2 glowing amethyst potions.
   928 | D:2      | 928 ||| FLEEEEING.
   945 | D:2      | 945 ||| DROPPING +0 club.
  1126 | D:2      | Noticed Jessica
  1127 | D:2      | 1127 ||| Stepping ~*~*~tactically~*~*~ (hiding).
  1137 | D:2      | Killed Jessica
  1138 | D:2      | Reached skill level 4 in Axes
  1138 | D:2      | Reached XP level 4. HP: 21/28 MP: 4/4
  1260 | D:2      | 1260 ||| Stepping ~*~*~tactically~*~*~ (stealth).
  1849 | D:2      | 1849 ||| UPGRADING to +2 pair of gloves of stealth.
  1854 | D:2      | 1854 ||| READING scroll labelled FAMUCZ WOH WEBEC.
  1855 | D:2      | 1855 ||| READING scroll labelled UXI AGODUTYFU.
  1919 | D:3      | Noticed a scorpion
  1922 | D:3      | Reached XP level 5. HP: 19/32 MP: 5/5
  1924 | D:3      | HP: 7/32 [scorpion (6)]
  1927 | D:3      | Slain by a gnoll

Levels and vault maps discovered:
D:1:      reono_arrival_forest_river, layout_basic,
          ebering_ecumenical_altar_ruins
D:2:      layout_basic, uniq_jessica
D:3:      layout_loops_corners

Skill      XL: |  1  2  3 |
---------------+----------+-----
Axes           | 2 3 4 |  4.6
Fighting       | |  3.2
Armour         | |  3.2
Shields        | |  3.2

Action                     |  1- 3 |  4- 6 || total
---------------------------+-------+-------++-------
  Melee: War axe           |    87 |    55 ||   142
    Use: Scroll            |     1 |     2 ||     3
         Potion            |     1 |       ||     1
 Armour: Scale mail        |    56 |    42 ||    98
  Dodge: Dodged            |    39 |    39 ||    78
  Block: Buckler           |    15 |    15 ||    30

Table legend:
 A = Non-vault XP
 B = Vault XP
 C = Vault XP percentage of total XP
 D = Non-vault monster count
 E = Vault monster count
 F = Vault count percentage of total count
                 A         B        C        D         E       F
            +---------+---------+-------+---------+---------+-------
      Total |     149 |      37 |  19.9 |      52 |       1 |   1.9
            +---------+---------+-------+---------+---------+-------
        D:1 |      50 |       0 |   0.0 |      25 |       0 |   0.0
        D:2 |      58 |      37 |  38.9 |      24 |       1 |   4.0
        D:3 |      41 |       0 |   0.0 |       3 |       0 |   0.0
            +---------+---------+-------+---------+---------+-------
